 Dungeon Crawl Stone Soup version 0.20.0-15-g7f486f2 (webtiles) character file.

970076 manyhoops the Conqueror (level 27, -2/283 HPs)
             Began as a Green Draconian Gladiator on June 14, 2017.
             Was a High Priest of Makhleb.
             Slain by Antaeus (15 damage)
             ... on level 7 of Cocytus on June 15, 2017.
             The game lasted 04:58:25 (78305 turns).

manyhoops the Conqueror (DrGl)                     Turns: 78305, Time: 04:58:26

Health: -2/283     AC: 33    Str: 23    XL:     27
Magic:  39/39      EV: 41    Int:  8    God:    Makhleb [*****.]
Gold:   6149       SH: 18    Dex: 29    Spells: 24/59 levels left

rFire    + + .     SeeInvis .   q - +10 zealot's sword {holy, *Rage rN+ EV+3}
rCold    + . .     Gourm    .   m - +3 buckler {rC+}
rNeg     + + .     Faith    .   (armour unavailable)
rPois    ∞         Spirit   .   v - +0 hat of Xiney {rF+}
rElec    +         Reflect  +   n - +2 cloak {MR+}
rCorr    .         Harm     .   (gloves currently unavailable)
MR       +++++     Rnd*Rage +   (boots currently unavailable)
Stlth    +++.......             x - amulet "Reilef" {Reflect *Drain rF+ MR++ Str+9 SH+5}
Regen    0.6/turn               l - ring "Momireph" {Wiz +Blink Int+2 Dex+4}
MPRegen  0.3/turn               A - ring of Robustness {AC+8}

@: statue-form (expiring), frozen, berserk cooldown, contaminated, slowed,
glowing, very slow
A: (breathe noxious fumes), unfitting armour, stinger 1, agile 1, blurry vision
3, deterioration 1, dopey 2, frail 2, low mp 1, poison resistance, electricity
resistance, weak 2, cold-blooded, subdued magic 2, AC +13
}: 8/15 runes: serpentine, barnacled, slimy, silver, iron, obsidian, bone,
abyssal
a: End Transformation, Minor Destruction, Lesser Servant of Makhleb, Major
Destruction, Greater Servant of Makhleb, Renounce Religion, Evoke Blink


You were on level 7 of Cocytus.
You worshipped Makhleb.
Makhleb was extremely pleased with you.
You were very hungry.
You were a stone statue.
You visited 17 branches of the dungeon, and saw 86 of its levels.
You visited the Abyss 3 times.
You also visited: Labyrinth, Ossuary and Bailey.

You collected 11306 gold pieces.
You spent 5157 gold pieces at shops.

Inventory:

Hand Weapons
 f - the +11 rapier of Innocence {elec, +Inv rN++ MR+}
   (You took it off a deep elf mage on level 3 of the Elven Halls)

   Occasionally, upon striking a foe, it will discharge some electrical energy
   and cause terrible harm.
   It greatly protects you from negative energy.
   It affects your resistance to hostile enchantments.
   It lets you turn invisible.
 q - the +10 zealot's sword (weapon) {holy, *Rage rN+ EV+3}
   (You bought it in a shop on level 2 of the Orcish Mines)

   It has been blessed by the Shining One to cause great damage to the undead
   and demons.
   It affects your evasion (+3).
   It protects you from negative energy.
   It may make you go berserk in combat.
 I - the +9 demon blade of Gaedim {speed, *Rage rElec Int+5 Dex+2}
   (You found it on level 8 of the Dungeon)

   Attacks with this weapon are significantly faster.
   It affects your intelligence (+5).
   It affects your dexterity (+2).
   It insulates you from electricity.
   It may make you go berserk in combat.
Missiles
 K - 24 throwing nets (quivered)
Armour
 j - the -4 pair of gloves "Raulosk" (melded) {*Drain rF++ rC+ Regen+}
   (You acquired it on level 3 of the Depths)

   It greatly protects you from fire.
   It protects you from cold.
   It increases your rate of regeneration.
   It causes draining when unequipped.
 m - a +3 buckler of cold resistance (worn)
 n - a +2 cloak of magic resistance (worn)
 p - a +2 pair of boots of running (melded)
 v - the +0 hat of Xiney (worn) {rF+}
   (You acquired it on level 4 of the Realm of Zot)

   It protects you from fire.
Jewellery
 a - the ring of Plog {rC+ MP+9 Dex+2}
   (You bought it in a shop on level 2 of the Elven Halls)

   [ring of protection from cold]

   It affects your dexterity (+2).
   It protects you from cold.
   It affects your magic capacity (+9).
 b - the ring "Fuibosyg" {rElec rF+ MR+ Int+8 Dex-5 Slay-5}
   (You found it on level 7 of the Iron City of Dis)

   [ring of protection from fire]

   It affects your intelligence (+8).
   It affects your dexterity (-5).
   It affects your accuracy and damage with ranged weapons and melee attacks
   (-5).
   It protects you from fire.
   It insulates you from electricity.
   It affects your resistance to hostile enchantments.
 g - the ring "Haehi" {rCorr MR++ Str+3 Int-4}
   (You found it on level 5 of the Vaults)

   [ring of resist corrosion]

   It affects your strength (+3).
   It affects your intelligence (-4).
   It affects your resistance to hostile enchantments.
 i - the ring of Oddeiw {Dex+5 Slay+3}
   (You found it on level 4 of the Depths)

   [ring of dexterity]

   It affects your dexterity (+5).
   It affects your accuracy and damage with ranged weapons and melee attacks
   (+3).
 l - the ring "Momireph" (left hand) {Wiz +Blink Int+2 Dex+4}
   (You found it on level 5 of the Pits of Slime)

   [ring of wizardry]

   It improves your spell success rate.
   It affects your intelligence (+2).
   It affects your dexterity (+4).
   It lets you blink.
 r - an uncursed ring of protection from magic
 x - the amulet "Reilef" (around neck) {Reflect *Drain rF+ MR++ Str+9 SH+5}
   (You found it on level 7 of Tartarus)

   [amulet of reflection]

   It shields you and reflects attacks.
   It affects your strength (+9).
   It protects you from fire.
   It affects your resistance to hostile enchantments.
   It causes draining when unequipped.
   It affects your SH (+5).
 A - the ring of Robustness (right hand) {AC+8}
   (You bought it in a shop on level 1 of the Orcish Mines)

   [ring of protection]

   It affects your AC (+8).
 G - an uncursed ring of protection from fire
 S - an uncursed ring of see invisible
 V - the ring "Ygheh" {rC+ Dex+2 Stlth+}
   (You took it off a deep elf annihilator on level 3 of the Elven Halls)

   [ring of dexterity]

   It affects your dexterity (+2).
   It protects you from cold.
   It makes you more stealthy.
Wands
 F - a wand of disintegration (16/24)
 X - a wand of digging (6/24)
Scrolls
 e - 2 scrolls of magic mapping
 h - 10 scrolls of fog
 k - 14 scrolls of teleportation
 s - 4 scrolls of silence
 w - 12 scrolls of fear
 B - 21 scrolls of remove curse
 J - 7 scrolls of summoning
 N - 2 scrolls of holy word
 O - 3 scrolls of amnesia
 P - a scroll of blinking
 T - 6 scrolls of recharging
Potions
 c - a potion of might
 o - 9 potions of flight
 t - 18 potions of curing
 y - a potion of berserk rage
 z - 9 potions of brilliance
 D - 8 potions of agility
 H - 3 potions of resistance
 M - 4 potions of haste
 R - 4 potions of cancellation
 Z - 4 potions of magic
Comestibles
 d - 8 bread rations


   Skills:
 O Level 27 Fighting
 - Level 17.0 Long Blades
 - Level 1.7 Throwing
 - Level 25.4 Dodging
 - Level 12.0 Stealth
 - Level 15.1 Shields
 + Level 16.8 Spellcasting
 - Level 3.6 Hexes
 - Level 4.0 Charms
 - Level 19.1 Necromancy
 - Level 6.4 Translocations
 - Level 19.0 Transmutations
 - Level 14.0 Earth Magic
 - Level 15.2 Invocations


You had 24 spell levels left.
You knew the following spells:

 Your Spells              Type           Power        Failure   Level  Hunger
a - Apportation           Tloc           ##....       1%          1    None
b - Statue Form           Tmut/Erth      ###......    1%          6    ######.
c - Shroud of Golubria    Chrm/Tloc      #.........   1%          2    None
d - Spectral Weapon       Hex/Chrm       #.......     1%          3    #......
e - Regeneration          Chrm/Necr      ###.......   1%          3    #......
f - Iron Shot             Conj/Erth      ##........   21%         6    ######.
g - Necromutation         Tmut/Necr      ###.......   5%          8    #######
h - Passwall              Tmut/Erth      ###.......   0%          2    None
i - Blink                 Tloc           N/A          1%          2    None
j - Swiftness             Chrm/Air       #.......     1%          2    None


Dungeon Overview and Level Annotations

Branches:
Dungeon (15/15)            Temple (1/1) D:6            Lair (6/6) D:8
 Shoals (4/4) Lair:3        Snake (4/4) Lair:3        Slime (5/5) Lair:6
    Orc (2/2) D:10            Elf (3/3) Orc:2        Vaults (5/5) D:13
  Crypt (3/3) Vaults:2       Tomb (0/3) Crypt:3      Depths (5/5) D:15
   Hell (1/1)                 Dis (7/7) Hell            Geh (7/7) Hell
    Coc (7/7) Hell            Tar (7/7) Hell            Zot (4/5) Depths:5

Altars:
Ashenzari
Cheibriados
Dithmenos
Fedhas
Gozag
Hepliaklqana
Kikubaaqudgha
Makhleb
Nemelex Xobeh
Okawaru
Qazlal
Ru
Sif Muna
Trog
Uskayaw
Vehumet
Xom
Yredelemnul
Zin
The Shining One
Jiyva

Shops:
D:8 (   D:15 (   Orc:1 ((%(=   Orc:2 ?*(*   Elf:1 :   Elf:2 =   Snake:3 !
Vaults:2 [   Depths:1 (}

Portals:
Hell: Depths:1 Depths:2 Depths:3 Depths:4 Depths:5
Abyss: Depths:4 Depths:5
Pandemonium: Depths:3 Depths:4 Depths:5
Ziggurat: Depths:1

Annotations:
Lair:1 exclusion: 2 oklob plants
Elf:2 1 runed door
Depths:2 exclusion: statue
Dis:7 Dispater
Geh:7 Asmodeus
Coc:7 Antaeus


Innate Abilities, Weirdness & Mutations

((You can breathe blasts of noxious fumes.))
((Your lurid green scales are hard. (AC +13)))
You cannot fit into any form of body armour.
Your tail ends in a poisonous barb.
Your system is resistant to poisons. (rPois)
You are cold-blooded and may be slowed by cold attacks.
You are agile. (Dex +2)
Scrolls take you much longer to read.
Your body sometimes deteriorates upon taking damage.
You are very dopey. (Int -4)
You are very frail. (-20% HP)
Your magical capacity is low. (-10% MP)
You are resistant to electric shocks. (rElec)
You are very weak. (Str -4)
Your spells are easier to cast, but less powerful.


Message History

Okay, then.
Really read with blurry vision while enemies are nearby?
Okay, then.
There are monsters nearby!
Unknown command.
Unknown command.
Really read with blurry vision while enemies are nearby?
Your balrug hits Antaeus with a demon whip of draining.
Antaeus is engulfed in flames!!
Antaeus is burned terribly!
You block Antaeus's attack. Antaeus hits you but does no damage.
The Ice Fiend misses you. You block the Ice Fiend's attack.
Your balrug hits Antaeus with a demon whip of draining.
Antaeus is engulfed in flames!!
Antaeus is burned terribly!
Antaeus hits you!!
* * * LOW HITPOINT WARNING * * *
Antaeus freezes you!! You resist.
* * * LOW HITPOINT WARNING * * *
Antaeus hits you.
* * * LOW HITPOINT WARNING * * *
Antaeus freezes you! You resist.
You die...

,,,,,,********,,***,,,,,,,,,,,≈≈≈
,,,**** **,,,,**,,,*****,,,≈≈≈
,,** ##,,,,,**,,** *,,,≈≈≈ ,**
#.,*,,************,,,≈≈ ******
####.###** **##,,***,,,≈≈
***,,***......##*###..,,,,***,,≈≈
*,,,,,,,#.....##.2..*,,,,* *,,≈≈
*,,,,****#.....1C#****,,** *,,≈≈
**,,** *#....8.## **** *,,≈≈
##**** #.......## *,,≈≈ .######
##.......#****** *,,≈≈ ......###
#....##...#*,,***,,≈≈
........#####...##*##..$,,,**,,≈≈
..........##..#.#* **#!,,,**,,≈≈
..........#..##..# **,,***,,≈≈
≈......).§#.###..#********* *,,≈≈
≈....[.))...# ##..,*,,** *,,≈≈


You could see Antaeus, an Ice Fiend and a friendly balrug.

Vanquished Creatures
  the Royal Jelly (Slime:5)
  Ereshkigal (Tar:7)
  the Serpent of Hell (Tar:7)
  Mara (Shoals:3)
  2 ancient liches
  Sojobo (Depths:4)
  A shard shrike (Coc:1)
  Frederick (Depths:2)
  Margery (Depths:4)
  Vashnia (Snake:4)
  6 golden dragons
  Geryon (Hell)
  3 profane servitors
  Jory (Vaults:2)
  16 Tzitzimimeh
  9 bone dragons
  3 doom hounds
  7 Hell Sentinels
  7 iron giants
  16 Brimstone Fiends
  16 tentacled monstrosities
  9 Ice Fiends
  14 liches
  Rupert (D:15)
  2 titans
  Asterion (Snake:1)
  2 deep elf master archers (Elf:3)
  11 quicksilver dragons
  2 deep elf blademasters (Elf:3)
  4 Executioners
  3 eldritch tentacles
  12 tentacled starspawn
  11 sphinxes
  2 krakens
  14 acid blobs
  6 ancient champions
  Murray (Hell)
  9 storm dragons
  11 shadow dragons
  4 death cobs
  8 tengu reavers
  6 draconian monks
  11 azure jellies
  Ilsuiw (Shoals:4)
  7 revenants
  19 fire giants
  A daeva (Abyss:2)
  20 vault wardens
  A fire giant (shapeshifter) (Vaults:5)
  5 deep elf sorcerers
  4 nagarajas (Snake:4)
  8 frost giants
  A ghost moth (Zot:4)
  Aizul (Elf:3)
  4 iron dragons
  3 draconian knights (Zot:1)
  2 orc warlords (Orc:1)
  10 draconian scorchers
  Louise (Shoals:1)
  12 balrugs
  6 deep elf elementalists
  4 cacodemons
  5 curse skulls
  8 ghouls
  2 draconian shifters
  48 reapers
  7 green draconians
  2 elemental wellsprings
  2 spriggan defenders
  26 stone giants
  5 draconian stormcallers
  7 war gargoyles (Dis:7)
  15 ironheart preservers
  An ophan (Abyss:3)
  8 draconian annihilators
  14 vampire knights
  3 entropy weavers
  12 very ugly things
  A dire elephant (shapeshifter) (D:15)
  12 deep elf annihilators
  A lorocyproca (Abyss:3)
  Azrael (D:12)
  10 deep elf demonologists
  7 dire elephants
  6 purple draconians
  8 red draconians
  12 white draconians
  6 yellow draconians
  3 spark wasps (Depths:5)
  10 black draconians
  7 quicksilver dragon zombies
  3 death oozes (Slime:5)
  8 merfolk impalers
  12 ettins
  A spectral quicksilver dragon (Crypt:3)
  A green death (Dis:1)
  8 eidola
  6 statues (Depths:2)
  13 blizzard demons
  11 deep elf death magi
  5 merfolk javelineers
  2 pearl dragon zombies (Crypt:1)
  2 kraken zombies
  10 jiangshi
  9 fire dragons
  A minotaur (Lab)
  11 deep elf high priests
  33 vault guards
  13 great orbs of eyes
  Erolcha (D:12)
  4 quicksilver dragon skeletons
  14 yaktaur captains
  4 rakshasas
  13 ogre magi
  Harold (Lair:3)
  5 hydras
  Fannar (D:10)
  6 naga warriors
  2 ghost crabs (Tar:3)
  4 spriggan air magi
  3 merfolk avatars
  11 centaur warriors
  6 tengu warriors
  A satyr (Shoals:2)
  14 anacondas
  2 alligator snapping turtles
  6 merfolk aquamancers
  30 dancing weapons
  4 death knights
  2 catoblepae
  An anaconda (shapeshifter) (Elf:3)
  25 ice dragons
  48 two-headed ogres
  11 deep troll shamans
  15 thrashing horrors
  12 deep troll earth magi
  7 titan zombies
  23 hell hogs
  A shock serpent (shapeshifter) (Depths:2)
  12 spriggan berserkers
  18 naga sharpshooters
  8 vampire magi
  2 spectral storm dragons (Crypt:3)
  13 shock serpents
  An orc high priest (Orc:1)
  2 titan skeletons
  3 iron golems
  Urug (D:12)
  25 sun demons
  22 deep elf knights
  The ghost of NoAnimeNoLife the Grappler, a novice TrMo of Makhleb (D:8)
  8 wretched stars
  19 soul eaters
  Sonja (D:12)
  17 shadow wraiths
  61 hell knights
  2 fire crabs (shapeshifter)
  7 storm dragon zombies
  122 skeletal warriors
  9 golden dragon zombies
  3 ghost moth zombies
  A sixfirhy (Hell)
  5 salamander mystics
  3 storm dragon skeletons
  An iron giant zombie (Crypt:1)
  12 iron trolls
  3 spatial maelstroms
  3 glowing orange brains
  A spectral anaconda (Crypt:3)
  A death drake (Abyss:2)
  28 deep trolls
  An unseen horror (shapeshifter) (Vaults:3)
  6 unseen horrors
  11 sea snakes
  7 wizards
  19 deep elf archers
  13 anaconda zombies
  15 shadow demons
  A kraken simulacrum (Coc:7)
  13 flayed ghosts
  An orange crystal statue (Vaults:4)
  10 naga ritualists
  3 shadow dragon zombies
  2 harpies (shapeshifter)
  43 phantasmal warriors
  22 orc knights
  72 deep elf magi
  2 wolf spider zombies
  4 golden dragon skeletons
  8 mana vipers
  15 ironbrand convokers
  6 anaconda skeletons
  13 necromancers
  A tengu skeleton (Vaults:4)
  A spectral ettin (Crypt:3)
  12 manticores
  7 iron dragon zombies
  10 cyclopes
  20 harpies
  2 shadow dragon skeletons
  5 wolf spiders
  8 shining eyes
  An oklob plant (Shoals:3)
  9 stone giant zombies
  42 ugly things
  4 orc sorcerers
  8 salamanders
  8 fire giant zombies
  6 frost giant zombies
  5 fire giant skeletons
  7 fauns
  62 slime creatures
  10 elephants (Lair:6)
  21 moths of wrath
  3 centaur zombies
  Maurice (D:8)
  A salamander (shapeshifter) (Vaults:4)
  19 naga magi
  5 worldbinders
  A water nymph (shapeshifter) (Vaults:5)
  10 merfolk sirens
  14 rust devils
  29 black mambas
  3 frost giant skeletons
  5 dire elephant zombies
  6 eyes of devastation
  8 vault sentinels
  4 apis skeletons (Crypt:1)
  3 guardian serpents (Snake:4)
  3 water nymphs
  3 apocalypse crabs
  Psyche (D:10)
  3 iron dragon skeletons
  8 smoke demons
  3 gargoyles
  A red draconian zombie (Crypt:3)
  7 spectral swamp worms (Tar:7)
  3 orange demons
  A yellow draconian zombie (Crypt:3)
  A shock serpent skeleton (Geh:2)
  8 molten gargoyles
  8 spiny frogs
  20 hellions
  4 dire elephant skeletons
  2 emperor scorpion zombies
  3 ice statues
  A rime drake (shapeshifter) (Vaults:4)
  A death yak zombie (Crypt:1)
  3 catoblepas zombies
  30 freezing wraiths
  4 rime drakes
  A sea snake zombie (Crypt:1)
  A purple draconian skeleton (Crypt:3)
  2 efreet
  70 yaktaurs
  A redback zombie (Crypt:2)
  2 anaconda simulacra
  A yaktaur skeleton (Vaults:3)
  28 tormentors
  12 ancient zymes
  A catoblepas skeleton (Dis:7)
  7 komodo dragons
  4 guardian mummies (Crypt:3)
  A spectral harpy (Crypt:3)
  2 harpy zombies
  15 ice devils
  A black draconian skeleton (Crypt:3)
  A jumping spider (Vaults:3)
  2 wind drakes (shapeshifter) (Depths:1)
  28 red devils
  2 silent spectres
  9 wind drakes
  12 trolls
  3 meliai (D:15)
  7 hydra skeletons
  17 hydra zombies
  29 merfolk
  A polar bear (Lair:2)
  5 tengu conjurers
  8 hornets
  3 harpy skeletons
  A shadow dragon simulacrum (Coc:2)
  9 bog bodies
  A meliai zombie (D:13)
  12 raiju
  3 dream sheep (Shoals:2)
  6 hippogriffs
  3 ice dragon zombies
  7 alligator zombies
  A stone giant simulacrum (Abyss:1)
  12 snapping turtles
  26 blink frogs
  2 snapping turtles (shapeshifter)
  124 flying skulls
  2 black mamba zombies
  19 large abominations
  Sigmund (D:2)
  An ettin zombie (Dis:5)
  5 fire dragon zombies
  5 air elementals
  23 water elementals
  4 fire dragon skeletons
  5 vampires
  4 spriggans
  3 ettin skeletons
  33 shadows
  3 alligator skeletons
  A human (shapeshifter) (Vaults:2)
  58 yaks
  37 wraiths
  5 redbacks (Vaults:3)
  A tarantella (Vaults:3)
  A wind drake zombie (Crypt:2)
  5 ynoxinuls
  4 ice dragon skeletons
  4 basilisks
  A wyvern (D:14)
  A yak (shapeshifter) (Depths:3)
  A golden eye (shapeshifter) (Vaults:2)
  6 golden eyes
  36 fire elementals
  Eustachio (D:3)
  4 neqoxecs
  A steam dragon (D:6)
  2 vampire mosquitoes (D:12)
  9 chaos spawn
  A human simulacrum (Vaults:3)
  10 hungry ghosts
  A glowing shapeshifter zombie (Crypt:2)
  3 spatial vortices (Abyss:3)
  A soldier ant (D:13)
  5 wargs
  54 nagas
  3 acid dragons
  A deep troll zombie (Vaults:4)
  A merfolk skeleton (Geh:7)
  14 water moccasins
  18 small abominations
  A deep troll skeleton (Crypt:2)
  10 spiny frog zombies
  3 sky beasts
  2 floating eyes (Depths:4)
  74 hell hounds
  A hydra simulacrum (Coc:2)
  50 orc warriors
  4 porcupines
  A swamp drake (shapeshifter) (Vaults:3)
  An elephant zombie (Crypt:2)
  4 spiny frog skeletons
  An ice dragon simulacrum (Coc:2)
  45 starcursed masses
  3 swamp dragon zombies
  3 eyes of draining
  A fire dragon simulacrum (Coc:3)
  14 ice beasts
  3 snapping turtle zombies
  3 black bears
  3 phantoms
  41 ogres
  27 necrophages
  3 wolves
  10 boggarts
  The ghost of Hook the Conjurer, an amateur DrCj (D:3)
  11 crocodiles
  26 centaurs
  2 snapping turtle skeletons
  A swamp dragon skeleton (Geh:7)
  A hippogriff zombie (Crypt:3)
  2 human zombies
  A yaktaur zombie (Crypt:3)
  A rime drake skeleton (Crypt:3)
  Blork the orc (D:4)
  2 big kobolds
  24 bullfrogs
  A cyclops zombie (Crypt:2)
  3 earth elementals
  A wyvern skeleton (Crypt:1)
  A raiju zombie (Crypt:1)
  4 scorpions
  20 killer bees
  2 vampire bats (D:5)
  64 wights
  8 howler monkeys
  A spriggan skeleton (Geh:6)
  3 electric eels
  8 crimson imps
  9 quasits
  6 jellies
  19 orc priests
  3 bullfrog skeletons
  4 centaur skeletons
  Crazy Yiuf (D:6)
  15 hounds
  3 human skeletons
  29 iron imps
  Terence (D:2)
  13 hell rats
  4 iguanas
  26 orc wizards
  Ijyb (D:3)
  13 worker ants
  A tengu zombie (Tar:3)
  A demigod zombie (Crypt:1)
  4 mummies
  A worker ant zombie (D:11)
  Robin (D:2)
  7 gnolls
  16 adders
  15 shadow imps
  15 white imps
  6 ufetubi
  4 adder skeletons
  A worm (shapeshifter) (Elf:1)
  A worm (D:5)
  3 dart slugs
  4 leopard geckos
  123 orcs
  5 giant cockroaches
  8 hobgoblins
  21 jackals
  3 quokkas
  2 ball pythons
  A ball python skeleton (D:4)
  14 bats
  A dart slug zombie (Crypt:3)
  A frilled lizard (D:1)
  18 goblins
  13 kobolds
  A kobold skeleton (Abyss:3)
  A kobold zombie (Geh:7)
  An orc skeleton (Coc:3)
  A quokka skeleton (D:4)
  6 rats
  A rat zombie (Crypt:2)
  8 crawling corpses
  2 fire vortices (Depths:2)
  2 plants (Lair:6)
  A spectral weapon (Orc:1)
  10 starspawn tentacles
  10 tentacles
4065 creatures vanquished.

Vanquished Creatures (collateral kills)
  An orb of fire (Zot:1)
  Saint Roka (Depths:1)
  Xtahua (Vaults:3)
  A caustic shrike (D:15)
  2 Ice Fiends (Coc:7)
  A tentacled monstrosity (Vaults:3)
  A sphinx (Depths:4)
  A tengu reaver (Vaults:5)
  A nagaraja (Snake:4)
  3 fire giants
  A deep elf elementalist (Elf:3)
  A draconian annihilator (Zot:1)
  A draconian shifter (Zot:1)
  A reaper (Tar:7)
  A draconian stormcaller (Zot:2)
  A war gargoyle (Dis:7)
  A lorocyproca (Hell)
  A green draconian (Zot:1)
  A deep elf demonologist (Elf:3)
  A deep elf annihilator (Elf:3)
  A white draconian (Zot:1)
  A merfolk javelineer (Shoals:4)
  3 blizzard demons
  A merfolk impaler (Shoals:4)
  A deep elf high priest (Depths:4)
  A great orb of eyes (Depths:1)
  2 ice dragons (Coc:7)
  3 naga warriors (Snake:4)
  2 ogre magi (Vaults:3)
  2 merfolk avatars (Shoals:4)
  2 two-headed ogres (Vaults:3)
  2 deep troll earth magi
  2 dancing weapons (Elf:2)
  A naga sharpshooter (Snake:4)
  A hell knight (Geh:2)
  A wretched star (Abyss:3)
  A skeletal warrior (Tar:7)
  2 deep elf knights
  2 deep trolls
  A sea snake (Shoals:4)
  A glowing orange brain (Vaults:3)
  A glowing orange brain (shapeshifter) (Elf:3)
  A flayed ghost (Vaults:5)
  2 orc knights (Bailey)
  A phantasmal warrior (Vaults:5)
  A deep elf mage (Elf:1)
  A shining eye (Slime:2)
  A manticore (Shoals:2)
  2 rust devils (Hell)
  2 naga magi (Snake:4)
  A vault sentinel (Vaults:3)
  An ice statue (Coc:7)
  A guardian serpent (Snake:4)
  A torpor snail (shapeshifter) (Depths:4)
  2 yaktaurs (Vaults:3)
  3 ice devils (Coc:7)
  A freezing wraith (Vaults:5)
  A tormentor (Coc:7)
  A hydra zombie (Dis:7)
  A jumping spider (shapeshifter) (Vaults:5)
  A jumping spider (Vaults:4)
  7 merfolk
  A slime creature (Depths:1)
  2 snapping turtles (Shoals:4)
  2 dream sheep (Shoals:2)
  A shadow (Tar:7)
  2 water elementals (Depths:1)
  3 nagas (Snake:4)
  9 hell hounds
  5 orc warriors
  An eye of draining (Slime:5)
  2 ogres (Vaults:3)
  A swamp dragon zombie (Tar:7)
  A human simulacrum (Vaults:3)
  A wight (Coc:7)
  5 starcursed masses (Abyss:3)
  2 iron imps (Hell)
  A white imp (Hell)
  8 orcs
136 creatures vanquished.

Vanquished Creatures (others)
  An eldritch tentacle (Snake:1)
  A deep elf elementalist (Elf:3)
  2 elemental wellsprings
  A deep elf death mage (Elf:3)
  An anaconda (Snake:1)
  A hell hog (Hell)
  A deep elf knight (Elf:3)
  A deep elf archer (Elf:1)
  A golden dragon skeleton (Coc:7)
  2 necromancers
  A naga mage (Snake:1)
  A black mamba (Snake:1)
  A molten gargoyle (Geh:7)
  A yaktaur (Depths:5)
  A blink frog (Abyss:1)
  A water elemental (Elf:1)
  A yak (D:14)
  A neqoxec (Snake:1)
  A boggart (Depths:2)
  An ogre (Vaults:5)
  2 wights (Geh:2)
  An orc wizard (Elf:1)
  An orc (Vaults:5)
  A crawling corpse (Elf:1)
  4 fungi (Lair:6)
  A lurking horror (Abyss:2)
  15 plants
  45 spectral weapons
  33 starspawn tentacles
  22 tentacles
147 creatures vanquished.

Grand Total: 4348 creatures vanquished

Notes
Turn   | Place    | Note
-------+----------+-------------------------------------------
     0 | D:1      | manyhoops the Draconian Gladiator began the quest for the Orb.
     0 | D:1      | Reached XP level 1. HP: 17/17 MP: 1/1
   521 | D:1      | Reached XP level 2. HP: 24/24 MP: 2/2
   824 | D:1      | Reached XP level 3. HP: 13/29 MP: 3/3
  1030 | D:2      | Noticed Terence
  1054 | D:2      | Killed Terence
  1177 | D:2      | Noticed Robin
  1201 | D:2      | Reached XP level 4. HP: 22/36 MP: 4/4
  1210 | D:2      | Killed Robin
  1210 | D:2      | Reached skill level 5 in Long Blades
  1656 | D:2      | Noticed Sigmund
  2253 | D:3      | Noticed Hook's ghost (amateur DrCj)
  2301 | D:3      | Noticed Ijyb
  2316 | D:3      | Killed Ijyb
  2316 | D:3      | Reached XP level 5. HP: 32/41 MP: 5/5
  2479 | D:3      | Killed Hook's ghost
  2669 | D:4      | Noticed Blork the orc
  3140 | D:3      | Reached skill level 3 in Fighting
  3140 | D:3      | Reached XP level 6. HP: 38/51 MP: 6/6
  3233 | D:4      | Noticed Eustachio
  3289 | D:3      | Killed Eustachio
  3289 | D:3      | Reached skill level 4 in Fighting
  3534 | D:2      | Killed Sigmund
  3534 | D:2      | Reached skill level 5 in Fighting
  3534 | D:2      | Your scales start taking on a lurid green colour.
  3534 | D:2      | Reached XP level 7. HP: 44/62 MP: 7/7
  3534 | D:2      | Gained mutation: Your system is resistant to poisons. (rPois) [Green Draconian growth]
  3589 | D:2      | Reached skill level 6 in Fighting
  4286 | D:4      | Reached skill level 7 in Fighting
  4379 | D:4      | Killed Blork the orc
  4575 | D:4      | Reached skill level 8 in Fighting
  4575 | D:4      | Reached XP level 8. HP: 61/75 MP: 8/8
  4653 | D:4      | Found a shimmering altar of Xom.
  4758 | D:4      | Reached skill level 1 in Shields
  4908 | D:5      | Entered Level 5 of the Dungeon
  6025 | D:5      | Reached skill level 5 in Dodging
  6025 | D:5      | Reached XP level 9. HP: 68/82 MP: 9/9
  6142 | D:6      | Found a radiant altar of Vehumet.
  6424 | D:6      | Found a staircase to the Ecumenical Temple.
  6619 | Temple   | Entered the Ecumenical Temple
  6696 | Temple   | Became a worshipper of Makhleb the Destroyer
  6771 | D:6      | Found a runed door.
  6910 | D:6      | Noticed Crazy Yiuf
  6914 | D:6      | Killed Crazy Yiuf
  6973 | D:7      | Found a glowing golden altar of the Shining One.
  7194 | D:7      | Found a blossoming altar of Fedhas.
  7207 | D:7      | Found a stormy altar of Qazlal.
  7763 | D:8      | Noticed Maurice
  7776 | D:7      | Gained mutation: Your mind is acute. (Int +2) [mutagenic meat]
  7777 | D:7      | Gained mutation: Your mind is very acute. (Int +4) [mutagenic meat]
  7813 | D:8      | Found a sand-covered staircase.
  7818 | Ossuary  | Entered an ossuary
  7847 | Ossuary  | Noticed ThereIsNoGod's ghost (novice SpEE)
  8145 | D:8      | Killed Maurice
  8184 | D:8      | Noticed a troll
  8215 | D:7      | Learned a level 1 spell: Apportation
  8279 | D:8      | Reached * piety under Makhleb
  8300 | D:8      | Reached XP level 10. HP: 57/90 MP: 10/10
  8830 | D:8      | Found a hide-covered altar of Uskayaw.
  8855 | D:8      | Found Opiys's Antique Weapon Shop.
  8989 | D:8      | Got a pitted demon blade
  8991 | D:8      | Identified the +9 demon blade of Gaedim {speed, *Rage rElec Int+5 Dex+2} (You found it on level 8 of the Dungeon)
  9113 | D:8      | Noticed NoAnimeNoLife's ghost (novice TrMo)
  9129 | D:8      | Killed NoAnimeNoLife's ghost
  9129 | D:8      | Reached skill level 5 in Invocations
  9245 | D:8      | Found a staircase to the Lair.
  9550 | Lair:1   | Entered Level 1 of the Lair of Beasts
  9598 | Lair:1   | Noticed an oklob plant
  9649 | Lair:1   | Reached skill level 10 in Long Blades
  9934 | Lair:1   | Reached ** piety under Makhleb
 10046 | Lair:1   | Reached XP level 11. HP: 71/95 MP: 16/16
 10290 | Lair:1   | Noticed an oklob plant
 10602 | Lair:2   | Learned a level 1 spell: Summon Small Mammal
 11201 | Lair:3   | Found a staircase to the Shoals.
 11303 | Lair:3   | Reached *** piety under Makhleb
 11336 | Lair:3   | Noticed Harold
 11361 | Lair:3   | Killed Harold
 11475 | Lair:3   | Found a staircase to the Snake Pit.
 11708 | Lair:3   | Reached skill level 11 in Fighting
 11708 | Lair:3   | Reached XP level 12. HP: 102/112 MP: 17/17
 12156 | Lair:4   | Reached XP level 13. HP: 117/117 MP: 18/18
 12919 | Lair:4   | Identified a scroll of acquirement
 13096 | Lair:5   | Found a labyrinth entrance.
 13102 | Lab      | Entered a labyrinth
 13247 | Lab      | Noticed a minotaur
 13255 | Lab      | Killed a minotaur
 13279 | Lab      | Learned a level 2 spell: Shroud of Golubria
 13283 | Lab      | Learned a level 3 spell: Spectral Weapon
 13287 | Lab      | Learned a level 3 spell: Regeneration
 13332 | Lair:5   | Reached skill level 10 in Dodging
 13599 | Lair:5   | Reached skill level 1 in Hexes
 13599 | Lair:5   | Reached skill level 1 in Charms
 13618 | Lair:5   | Reached **** piety under Makhleb
 13790 | Lair:6   | Entered Level 6 of the Lair of Beasts
 14132 | Lair:6   | Learned a level 2 spell: Song of Slaying
 14143 | Lair:6   | Reached skill level 1 in Spellcasting
 14174 | Lair:6   | Found a viscous altar of Jiyva.
 14174 | Lair:6   | Found a staircase to the Slime Pits.
 14385 | Lair:6   | Reached ***** piety under Makhleb
 14395 | Lair:6   | Reached skill level 12 in Fighting
 14697 | Lair:6   | Noticed a dire elephant
 14707 | Lair:6   | Killed a dire elephant
 14774 | Lair:6   | Noticed a dire elephant
 14783 | Lair:6   | Killed a dire elephant
 14997 | Lair:6   | Noticed a dire elephant
 14997 | Lair:6   | Noticed a dire elephant
 15081 | Lair:6   | Noticed a dire elephant
 15344 | Lair:6   | Killed a dire elephant
 15352 | Lair:6   | Noticed a dire elephant
 15366 | Lair:6   | Killed a dire elephant
 15392 | Lair:6   | Gained mutation: Your tail ends in a poisonous barb. [Green Draconian growth]
 15392 | Lair:6   | Reached XP level 14. HP: 127/127 MP: 18/20
 15688 | Lair:6   | Learned a level 3 spell: Stone Arrow
 16091 | D:9      | Found a shadowy altar of Dithmenos.
 16278 | D:9      | Reached skill level 13 in Fighting
 16607 | D:9      | Gained mutation: Potions are less effective at restoring your health. [potion of mutation]
 16607 | D:9      | Gained mutation: You have sharp toenails. [potion of mutation]
 16608 | D:9      | Lost mutation: Your mind is very acute. (Int +4) [potion of mutation]
 16608 | D:9      | Lost mutation: Potions are less effective at restoring your health. [potion of mutation]
 16608 | D:9      | Lost mutation: You have sharp toenails. [potion of mutation]
 16608 | D:9      | Lost mutation: Your mind is acute. (Int +2) [potion of mutation]
 16608 | D:9      | Gained mutation: You are clumsy. (Dex -2) [potion of mutation]
 16608 | D:9      | Gained mutation: You possess an exceptional clarity of mind. [potion of mutation]
 16608 | D:9      | Gained mutation: You passively map a small area around you. [potion of mutation]
 16609 | D:9      | Lost mutation: You passively map a small area around you. [potion of mutation]
 16609 | D:9      | Lost mutation: You are clumsy. (Dex -2) [potion of mutation]
 16609 | D:9      | Gained mutation: You are resistant to hostile enchantments. (MR+) [potion of mutation]
 16609 | D:9      | Gained mutation: You evolve. [potion of mutation]
 16609 | D:9      | Gained mutation: You are frail. (-10% HP) [potion of mutation]
 16611 | D:9      | Got a faintly glowing shield
 16623 | D:9      | Identified the +0 shield "Pippu Lull" {rF+ Stlth+} (You found it on level 9 of the Dungeon)
 16721 | D:10     | Entered Level 10 of the Dungeon
 16722 | D:10     | Noticed Psyche
 16731 | D:10     | Killed Psyche
 16777 | D:10     | Noticed Fannar
 16801 | D:10     | Killed Fannar
 17039 | D:10     | Found a staircase to the Orcish Mines.
 18004 | D:11     | Gained mutation: You have sharp toenails. [evolution]
 18076 | D:12     | Found a flagged portal.
 18088 | Bailey   | Entered a bailey
 18663 | D:12     | Noticed Azrael
 18697 | D:12     | Killed Azrael
 18737 | D:12     | Noticed Erolcha
 18749 | D:12     | Killed Erolcha
 18772 | D:12     | Noticed Sonja
 18789 | D:12     | Killed Sonja
 18813 | D:12     | Noticed Urug
 18850 | D:12     | Killed Urug
 19344 | D:11     | Lost mutation: You are frail. (-10% HP) [evolution]
 19487 | D:11     | Reached ****** piety under Makhleb
 19949 | D:13     | Reached skill level 14 in Fighting
 20021 | D:13     | Reached XP level 15. HP: 99/138 MP: 16/22
 20053 | D:13     | Found a gate to the Vaults.
 20307 | D:14     | Found a radiant altar of Vehumet.
 20345 | D:14     | Identified the Volume of the Snowflakes and Earth
 20349 | D:14     | Learned a level 2 spell: Passwall
 20371 | D:14     | Reached skill level 10 in Invocations
 21167 | D:15     | Entered Level 15 of the Dungeon
 21287 | D:15     | Found a shattered altar of Ashenzari.
 21374 | D:15     | Got an ichor-stained falchion
 21375 | D:15     | Identified the +4 falchion of Huaschaer {freeze, rN+ Int+3 Dex+3} (You found it on level 15 of the Dungeon)
 21500 | D:15     | Found a staircase to the Depths.
 21815 | D:15     | Found Fatz's Antique Weapon Boutique.
 21885 | D:15     | Noticed Rupert
 21900 | D:15     | Paralysed by Rupert for 2 turns
 21904 | D:15     | Killed Rupert
 22440 | Orc:1    | Entered Level 1 of the Orcish Mines
 22440 | Orc:1    | Found Tudomuuq's Food Emporium.
 22581 | Orc:1    | Noticed an orc warlord
 22662 | Orc:1    | Killed an orc warlord
 22693 | Orc:1    | Noticed an orc warlord
 22747 | Orc:1    | Reached skill level 15 in Fighting
 22760 | Orc:1    | Killed an orc warlord
 23168 | Orc:1    | Found Qoevaoq's Jewellery Emporium.
 23170 | Orc:1    | Found Roleruciha's Antique Weapon Shop.
 23182 | Orc:1    | Found Mixoisol's Weapon Shoppe.
 23197 | Orc:1    | Found Wuolaoq's Weapon Shoppe.
 23393 | Orc:1    | Lost mutation: You have sharp toenails. [evolution]
 23486 | Orc:2    | Entered Level 2 of the Orcish Mines
 23727 | Orc:2    | Found Heh Weurio's Magic Scroll Shoppe.
 23787 | Orc:2    | Reached XP level 16. HP: 137/149 MP: 22/25
 23835 | Orc:2    | Reached skill level 16 in Fighting
 23880 | Orc:2    | Found Niajuz's Antique Weapon Boutique.
 23881 | Orc:2    | Found Jeces's General Store.
 23881 | Orc:2    | Found Xemogoum's General Store.
 23906 | Orc:2    | Bought a scroll of teleportation for 45 gold pieces
 23906 | Orc:2    | Bought a scroll of fear for 52 gold pieces
 23906 | Orc:2    | Bought a scroll of teleportation for 45 gold pieces
 23906 | Orc:2    | Bought a scroll of teleportation for 45 gold pieces
 23906 | Orc:2    | Bought a scroll of teleportation for 45 gold pieces
 24068 | Orc:2    | Found a staircase to the Elven Halls.
 24346 | Orc:1    | Bought the ring of Robustness {AC+8} for 2176 gold pieces
 24588 | Shoals:1 | Entered Level 1 of the Shoals
 24629 | Shoals:1 | Noticed Louise
 24641 | Shoals:1 | Cast into level 2 of the Abyss (Louise)
 24641 | Abyss:2  | Found a corrupted altar of Lugonu.
 24733 | Abyss:2  | Reached skill level 1 in Stealth
 24796 | Abyss:2  | Paralysed by accursed screaming for 1 turns
 24804 | Abyss:2  | Paralysed by accursed screaming for 1 turns
 24843 | Abyss:2  | Noticed a profane servitor
 24844 | Abyss:2  | Lost mutation: You possess an exceptional clarity of mind. [a neqoxec]
 24866 | Abyss:2  | Killed a profane servitor
 24919 | Abyss:2  | Noticed a tentacled starspawn
 24934 | Abyss:2  | Reached skill level 5 in Stealth
 24943 | Abyss:2  | Killed a tentacled starspawn
 24949 | Abyss:2  | Gained mutation: You do not regenerate when monsters are visible. [a shining eye]
 25192 | Abyss:2  | Noticed a lich
 25203 | Abyss:2  | Noticed a tentacled starspawn
 25205 | Abyss:2  | Killed a lich
 25250 | Abyss:2  | Killed a tentacled starspawn
 25376 | Abyss:2  | Noticed a hellephant
 25509 | Abyss:2  | Noticed an Executioner
 25527 | Abyss:2  | Killed an Executioner
 25560 | Abyss:2  | Found a shimmering altar of Xom.
 25561 | Abyss:2  | Found a corrupted altar of Lugonu.
 25563 | Abyss:2  | Found a shimmering altar of Xom.
 25563 | Abyss:2  | Found a shimmering altar of Xom.
 25564 | Abyss:2  | Found a shimmering altar of Xom.
 25564 | Abyss:2  | Found a shimmering altar of Xom.
 25564 | Abyss:2  | Found a shimmering altar of Xom.
 25567 | Abyss:2  | Found a shimmering altar of Xom.
 25567 | Abyss:2  | Found a shimmering altar of Xom.
 25567 | Abyss:2  | Found a shimmering altar of Xom.
 25567 | Abyss:2  | Found a shimmering altar of Xom.
 25567 | Abyss:2  | Found a shimmering altar of Xom.
 25567 | Abyss:2  | Found a shimmering altar of Xom.
 25567 | Abyss:2  | Found a shimmering altar of Xom.
 25567 | Abyss:2  | Found a shimmering altar of Xom.
 25569 | Abyss:2  | Found a shimmering altar of Xom.
 25569 | Abyss:2  | Found a shimmering altar of Xom.
 25569 | Abyss:2  | Found a shimmering altar of Xom.
 25583 | Shoals:1 | Escaped the Abyss
 25624 | Shoals:1 | Killed Louise
 25661 | Shoals:1 | Reached skill level 5 in Shields
 26069 | Shoals:1 | Noticed a kraken
 26121 | Shoals:1 | Killed a kraken
 26121 | Shoals:1 | Reached XP level 17. HP: 134/158 MP: 23/26
 27017 | Shoals:2 | Identified the amulet "Ynoriry" {Spirit *Corrode Str+3 Int+6} (You found it on level 2 of the Shoals)
 27090 | Shoals:3 | Noticed Mara
 27117 | Shoals:3 | Noticed manyhoops's illusion
 27129 | Shoals:3 | Killed Mara
 27129 | Shoals:3 | Reached skill level 10 in Shields
 27566 | Shoals:3 | Found a hazy altar of Hepliaklqana.
 27851 | Shoals:3 | Noticed a kraken
 27882 | Shoals:3 | Killed a kraken
 28094 | Shoals:4 | Entered Level 4 of the Shoals
 28229 | Shoals:4 | Gained mutation: You are agile. (Dex +2) [evolution]
 28288 | Shoals:4 | Noticed Ilsuiw
 28325 | Shoals:4 | Killed Ilsuiw
 29115 | Shoals:4 | Reached XP level 18. HP: 156/166 MP: 24/27
 29132 | Shoals:4 | Got a barnacled rune of Zot
 29338 | Snake:1  | Entered Level 1 of the Snake Pit
 29388 | Snake:1  | Found a transporter.
 29398 | Snake:1  | Noticed Asterion
 29419 | Snake:1  | Killed Asterion
 29515 | Snake:1  | Found a transporter.
 30095 | Snake:1  | Gained mutation: Your magical capacity is low. (-10% MP) [a neqoxec]
 30095 | Snake:1  | Cast into level 3 of the Abyss (the power of Zot)
 30159 | Abyss:3  | Noticed a bone dragon
 30204 | Abyss:3  | Reached skill level 15 in Shields
 30331 | Abyss:3  | Found a corrupted altar of Lugonu.
 30393 | Abyss:3  | Noticed a lich
 30504 | Abyss:3  | Lost mutation: You are resistant to hostile enchantments. (MR+) [mutagenic meat]
 30505 | Abyss:3  | Gained mutation: You expend magic power (3 MP) to strengthen your wands. [mutagenic meat]
 30506 | Abyss:3  | Gained mutation: Your large and strong wings let you fly indefinitely. [mutagenic meat]
 30539 | Abyss:3  | Noticed a bone dragon
 30555 | Abyss:3  | Killed a bone dragon
 30569 | Snake:1  | Escaped the Abyss
 30912 | Snake:1  | Got a flickering silver ring
 30935 | Snake:1  | Identified the ring of Yesterday {rPois Str+3 Dex+5} (You found it on level 1 of the Snake Pit)
 30949 | Snake:1  | Got a brightly glowing brass ring
 30951 | Snake:1  | Identified the ring "Zod Run" {Ice rPois Int+3} (You found it on level 1 of the Snake Pit)
 31014 | Snake:2  | Reached skill level 17 in Fighting
 32197 | Snake:2  | Gained mutation: Your spells are a little harder to cast, but a little more powerful. [evolution]
 32491 | Snake:3  | Found Meliedak's Distillery.
 32497 | Snake:3  | Bought a potion of agility for 52 gold pieces
 32497 | Snake:3  | Bought a potion of curing for 39 gold pieces
 32497 | Snake:3  | Bought a potion of heal wounds for 65 gold pieces
 32497 | Snake:3  | Bought a potion of heal wounds for 65 gold pieces
 32497 | Snake:3  | Bought a potion of heal wounds for 65 gold pieces
 32859 | Snake:3  | Reached skill level 18 in Fighting
 33029 | Snake:4  | Entered Level 4 of the Snake Pit
 33208 | Snake:4  | Reached XP level 19. HP: 172/179 MP: 23/25
 33536 | Snake:4  | Noticed Vashnia
 33718 | Snake:4  | Reached skill level 15 in Dodging
 33828 | Snake:4  | Killed Vashnia
 33857 | Snake:4  | Gained mutation: Your body sometimes deteriorates upon taking damage. [evolution]
 33887 | Snake:4  | Got a serpentine rune of Zot
 34425 | D:13     | Lost mutation: Your body sometimes deteriorates upon taking damage. [potion of mutation]
 34425 | D:13     | Lost mutation: Your large and strong wings let you fly indefinitely. [potion of mutation]
 34425 | D:13     | Lost mutation: You are agile. (Dex +2) [potion of mutation]
 34425 | D:13     | Lost mutation: You evolve. [potion of mutation]
 34425 | D:13     | Lost mutation: Your magical capacity is low. (-10% MP) [potion of mutation]
 34425 | D:13     | Gained mutation: You are dopey. (Int -2) [potion of mutation]
 34425 | D:13     | Gained mutation: You are resistant to electric shocks. (rElec) [potion of mutation]
 34425 | D:13     | Lost mutation: You are dopey. (Int -2) [potion of mutation]
 34609 | Elf:1    | Entered Level 1 of the Elven Halls
 35366 | Elf:1    | Found Odooth's Book Emporium.
 35641 | Elf:1    | Found a bloodstained altar of Trog.
 35663 | Elf:1    | Identified the Almanac of Flamy Dislocation
 35816 | Elf:1    | Reached skill level 15 in Invocations
 35973 | Orc:2    | Bought a scroll of teleportation for 42 gold pieces
 35973 | Orc:2    | Bought the +10 zealot's sword {holy, *Rage rN+ EV+3} for 1475 gold pieces
 36293 | Depths:1 | Entered Level 1 of the Depths
 36305 | Depths:1 | Reached skill level 19 in Fighting
 36305 | Depths:1 | Reached XP level 20. HP: 191/191 MP: 27/31
 36314 | Depths:1 | Noticed a caustic shrike
 36353 | D:15     | Killed a caustic shrike
 36440 | Depths:1 | Paralysed by something for 2 turns
 37006 | Depths:1 | Found Rafiras's Gadget Emporium.
 37116 | Depths:1 | Found a gateway to a ziggurat.
 37238 | Depths:1 | Paralysed by a great orb of eyes for 5 turns
 37277 | Depths:1 | Noticed Saint Roka
 37491 | Depths:1 | Found Fomo's Weapon Emporium.
 37601 | Depths:1 | Killed Saint Roka
 37732 | Depths:1 | Found a gateway to Hell.
 38081 | Depths:2 | Reached skill level 20 in Fighting
 38461 | Depths:2 | Found a radiant altar of Vehumet.
 38461 | Depths:2 | Noticed Frederick
 38479 | Depths:2 | Killed Frederick
 38715 | Depths:2 | Paralysed by a wizard for 2 turns
 38842 | Depths:2 | Reached XP level 21. HP: 202/202 MP: 32/32
 39379 | Depths:3 | Reached skill level 21 in Fighting
 39408 | Depths:3 | Identified the -4 pair of gloves "Raulosk" {*Drain rF++ rC+ Regen+} (You acquired it on level 3 of the Depths)
 39698 | Depths:3 | Found a one-way gate leading to the halls of Pandemonium.
 40110 | Depths:4 | Paralysed by a floating eye for 4 turns
 40204 | Depths:4 | Noticed Margery
 40223 | Depths:4 | Killed Margery
 40255 | Depths:4 | Identified the ring of Oddeiw {Dex+5 Slay+3} (You found it on level 4 of the Depths)
 40301 | Depths:4 | Noticed Sojobo
 40727 | Depths:4 | Paralysed by a great orb of eyes for 7 turns
 40763 | Depths:4 | Identified the cursed ring "Zyneev" {rPois rF- Int+3 Dex-2 Slay+3} (You found it on level 4 of the Depths)
 40788 | Depths:4 | Learned a level 2 spell: Blink
 40835 | Depths:4 | Noticed a golden dragon
 40838 | Depths:4 | Reached skill level 22 in Fighting
 40846 | Depths:4 | Killed a golden dragon
 40902 | Depths:4 | Paralysed by a floating eye for 3 turns
 40937 | Depths:4 | Identified the ring of Zobetats {+Inv rN+ Str+3} (You found it on level 4 of the Depths)
 40977 | Depths:4 | Found a one-way gate to the infinite horrors of the Abyss.
 41010 | Depths:4 | Killed Sojobo
 41020 | Depths:4 | Identified the ring "Modicix" {rElec MP+9 Str+2 Int+4} (You found it on level 4 of the Depths)
 41107 | Depths:4 | Noticed a golden dragon
 41107 | Depths:4 | Noticed a golden dragon
 41115 | Depths:4 | Killed a golden dragon
 41119 | Depths:4 | Killed a golden dragon
 41155 | Depths:4 | Found a burning altar of Makhleb.
 41253 | Depths:4 | Reached XP level 22. HP: 217/217 MP: 31/33
 41275 | Depths:4 | Found a glowing golden altar of the Shining One.
 41412 | Depths:5 | Entered Level 5 of the Depths
 41602 | Depths:5 | Found a gate to the Realm of Zot.
 41711 | Depths:5 | Reached skill level 23 in Fighting
 42977 | D:8      | Bought a smoking dagger for 175 gold pieces
 42977 | D:8      | Identified the cursed +1 dagger "Rehuk" {antimagic, rElec rC+} (You bought it in a shop on level 8 of the Dungeon)
 43154 | Vaults:1 | Entered Level 1 of the Vaults
 43215 | Vaults:1 | Learned a level 2 spell: Swiftness
 44254 | Vaults:1 | Lost mutation: You do not regenerate when monsters are visible. [potion of mutation]
 44254 | Vaults:1 | Gained mutation: You evolve. [potion of mutation]
 44254 | Vaults:1 | Gained mutation: You are agile. (Dex +2) [potion of mutation]
 44254 | Vaults:1 | Gained mutation: Your muscles are strong. (Str +2) [potion of mutation]
 44280 | Vaults:1 | Gained mutation: You are dopey. (Int -2) [evolution]
 44485 | Vaults:2 | Noticed Jory
 44495 | Vaults:2 | Killed Jory
 44599 | Vaults:2 | Found Zeiplukao's Antique Armour Emporium.
 44631 | Vaults:2 | Found a staircase to the Crypt.
 44796 | Vaults:2 | Reached skill level 24 in Fighting
 45153 | Vaults:2 | Reached XP level 23. HP: 229/229 MP: 32/34
 46395 | Vaults:3 | Paralysed by an ogre mage for 3 turns
 46405 | Vaults:3 | Reached skill level 25 in Fighting
 46711 | Vaults:3 | Learned a level 8 spell: Controlled Blink
 46729 | Vaults:3 | Noticed Xtahua
 46736 | Vaults:3 | Paralysed by Xtahua for 3 turns
 46746 | Vaults:3 | Killed Xtahua
 47223 | Vaults:4 | Reached skill level 5 in Translocations
 48263 | Vaults:4 | Reached XP level 24. HP: 243/243 MP: 29/34
 48553 | Vaults:5 | Entered Level 5 of the Vaults
 48646 | Vaults:4 | Lost mutation: Your spells are a little harder to cast, but a little more powerful. [evolution]
 48815 | Vaults:4 | Reached skill level 26 in Fighting
 49152 | Vaults:5 | Identified the ring "Haehi" {rCorr MR++ Str+3 Int-4} (You found it on level 5 of the Vaults)
 49285 | Vaults:5 | Identified the cursed ring of Intercession {rElec rF+ Str-4 Int-3 Slay+4} (You found it on level 5 of the Vaults)
 49293 | Vaults:5 | Got a silver rune of Zot
 49664 | Vaults:5 | Learned a level 9 spell: Shatter
 50053 | Vaults:5 | Reached skill level 27 in Fighting
 50211 | Vaults:5 | Reached XP level 25. HP: 257/257 MP: 33/34
 50217 | Vaults:5 | Noticed an ancient lich
 50237 | Vaults:5 | Killed an ancient lich
 50785 | Hell     | Entered the Vestibule of Hell
 50785 | Hell     | Noticed Geryon
 50809 | Hell     | Killed Geryon
 50821 | Hell     | Gained mutation: You are very dopey. (Int -4) [a cacodemon]
 50825 | Hell     | Lost mutation: Your muscles are strong. (Str +2) [a cacodemon]
 50829 | Hell     | Noticed Murray
 50844 | Hell     | Killed Murray
 51277 | Elf:2    | Found Owkimmio's Jewellery Shoppe.
 51291 | Elf:2    | Bought the ring of Plog {rC+ MP+9 Dex+2} for 771 gold pieces
 51440 | Elf:2    | Found a runed door.
 51465 | Elf:2    | Found a runed door.
 51991 | Elf:2    | Reached skill level 15 in Long Blades
 52215 | Elf:3    | Entered Level 3 of the Elven Halls
 52361 | Elf:3    | Gained mutation: You are weak. (Str -2) [evolution]
 52875 | Elf:3    | Noticed Aizul
 52891 | Elf:3    | Killed Aizul
 53520 | Elf:3    | Identified the +11 rapier of Innocence {elec, +Inv rN++ MR+} (You took it off a deep elf mage on level 3 of the Elven Halls)
 53532 | Elf:3    | Got a translucent iron ring
 54037 | Elf:3    | Reached skill level 10 in Stealth
 54162 | Elf:3    | Identified the ring "Ygheh" {rC+ Dex+2 Stlth+} (You took it off a deep elf annihilator on level 3 of the Elven Halls)
 54460 | Elf:3    | Identified Juuw's Handbook of the Excruciating Frostbite
 54480 | Elf:3    | Learned a level 6 spell: Iron Shot
 54941 | Zot:1    | Entered Level 1 of the Realm of Zot
 55023 | Zot:1    | Reached XP level 26. HP: 266/266 MP: 30/34
 55315 | Zot:1    | Learned a level 6 spell: Statue Form
 55315 | Zot:1    | Noticed an orb of fire
 55344 | Zot:1    | Killed an orb of fire
 55344 | Zot:1    | Reached skill level 1 in Transmutations
 55344 | Zot:1    | Reached skill level 1 in Earth Magic
 56013 | Zot:2    | Reached skill level 5 in Earth Magic
 56022 | Zot:2    | Reached skill level 5 in Transmutations
 57995 | Zot:4    | Identified the ring "Teros" {rCorr rElec MR++ Slay-5} (You found it on level 4 of the Realm of Zot)
 58155 | Zot:4    | Identified the +0 hat of Xiney {rF+} (You acquired it on level 4 of the Realm of Zot)
 58255 | Zot:4    | Identified the ring of the Tormentor {*Slow rF++ MP+9 Int+4 Dex-2} (You found it on level 4 of the Realm of Zot)
 58438 | Zot:4    | Lost mutation: You are weak. (Str -2) [evolution]
 58654 | Zot:4    | Reached skill level 10 in Earth Magic
 58691 | Zot:4    | Reached skill level 10 in Transmutations
 59147 | Crypt:1  | Entered Level 1 of the Crypt
 59202 | Crypt:1  | Paralysed by something for 4 turns
 59310 | Crypt:1  | Reached XP level 27. HP: 196/273 MP: 34/34
 59400 | Crypt:1  | Found a basalt altar of Yredelemnul.
 59715 | Crypt:1  | Found a basalt altar of Yredelemnul.
 60192 | Crypt:2  | Identified the +9 scythe of Doluipu {holy, *Noise rPois Str+8} (You found it on level 2 of the Crypt)
 60436 | Crypt:3  | Entered Level 3 of the Crypt
 61280 | Crypt:3  | Reached skill level 5 in Spellcasting
 61388 | Crypt:3  | Found a staircase to the Tomb.
 61772 | Crypt:3  | Found an ancient bone altar of Kikubaaqudgha.
 61821 | Crypt:3  | Paralysed by a lich for 2 turns
 61871 | Crypt:3  | Identified the Catalogue of the Trees
 61882 | Crypt:3  | Learned a level 8 spell: Necromutation
 61951 | Crypt:3  | Reached skill level 1 in Necromancy
 62686 | Hell     | Found a gateway to the ashen valley of Gehenna.
 62693 | Hell     | Reached skill level 5 in Necromancy
 62726 | Hell     | Gained mutation: You are very agile. (Dex +4) [evolution]
 62892 | Hell     | Found a gateway to the decaying netherworld of Tartarus.
 63127 | Hell     | Found a gateway to the Iron City of Dis.
 63149 | Dis:1    | Entered Level 1 of the Iron City of Dis
 64079 | Dis:3    | Reached skill level 10 in Necromancy
 64579 | Dis:4    | Gained mutation: Scrolls take you a little longer to read. [mutagenic glow]
 65234 | Dis:7    | Entered Level 7 of the Iron City of Dis
 65718 | Dis:7    | Reached skill level 15 in Transmutations
 65800 | Dis:7    | Got a translucent golden ring
 65961 | Dis:7    | HP: 11/354 [Ice Fiend (24)]
 66000 | Dis:7    | Identified the ring "Fuibosyg" {rElec rF+ MR+ Int+8 Dex-5 Slay-5} (You found it on level 7 of the Iron City of Dis)
 66018 | Dis:7    | Got a heavily runed wooden ring
 66024 | Dis:7    | Got an iron rune of Zot
 66083 | Dis:7    | Noticed Dispater
 66172 | Hell     | Identified the ring of Iwitero {*Contam rC+ Dex+4 Stlth+} (You found it on level 7 of the Iron City of Dis)
 66362 | Depths:4 | Voluntarily entered the Abyss.
 66365 | Abyss:1  | Found a corrupted altar of Lugonu.
 66605 | Abyss:1  | Noticed an ancient lich
 66632 | Abyss:1  | Killed an ancient lich
 67146 | Abyss:3  | Paralysed by accursed screaming for 1 turns
 67154 | Abyss:3  | Paralysed by accursed screaming for 2 turns
 67224 | Abyss:3  | Got an abyssal rune of Zot
 67395 | Abyss:3  | Reached skill level 15 in Necromancy
 67715 | Abyss:3  | Paralysed by you for 5 turns
 67790 | Depths:4 | Escaped the Abyss
 68239 | Lair:2   | Lost mutation: You expend magic power (3 MP) to strengthen your wands. [evolution]
 68309 | Slime:1  | Entered Level 1 of the Pits of Slime
 68389 | Slime:2  | Gained mutation: Your body sometimes deteriorates upon taking damage. [a shining eye]
 68390 | Slime:2  | Gained mutation: You are weak. (Str -2) [a shining eye]
 68574 | Slime:3  | Gained mutation: Your magical capacity is low. (-10% MP) [a shining eye]
 68577 | Slime:3  | Lost mutation: You are very agile. (Dex +4) [a shining eye]
 68579 | Slime:3  | Gained mutation: You are frail. (-10% HP) [a shining eye]
 68581 | Slime:3  | Gained mutation: Scrolls take you longer to read. [a shining eye]
 68645 | Slime:5  | Entered Level 5 of the Pits of Slime
 68671 | Slime:5  | Gained mutation: You are very frail. (-20% HP) [a shining eye]
 68685 | Slime:5  | Noticed the Royal Jelly
 68711 | Slime:5  | Found a viscous altar of Jiyva.
 68717 | Slime:5  | Killed the Royal Jelly
 68900 | Slime:5  | Gained mutation: Scrolls take you much longer to read. [a shining eye]
 68910 | Slime:5  | Gained mutation: Your spells are a little easier to cast, but a little less powerful. [a shining eye]
 68962 | Slime:5  | Identified the ring "Momireph" {Wiz +Blink Int+2 Dex+4} (You found it on level 5 of the Pits of Slime)
 68967 | Slime:5  | Got a slimy rune of Zot
 68972 | Slime:5  | Identified the +4 falchion of Eternity {freeze, *Noise Int+9} (You found it on level 5 of the Pits of Slime)
 69023 | Slime:5  | Identified the +3 buckler of the Trilobite {rCorr Str+3} (You acquired it on level 5 of the Pits of Slime)
 69028 | Slime:5  | Identified Daazuly's Grimoire of Destructive Curses
 70701 | Geh:1    | Entered Level 1 of Gehenna
 71553 | Geh:4    | Reached skill level 10 in Spellcasting
 72607 | Geh:7    | Entered Level 7 of Gehenna
 73397 | Geh:7    | Noticed Asmodeus
 73461 | Geh:7    | Got an ancient shield
 73470 | Geh:7    | Got an obsidian rune of Zot
 73483 | Geh:7    | Identified a +1 pair of boots of running (You found it on level 7 of Gehenna)
 73506 | Geh:7    | Identified the Catalogue of Weightlessness and Arcane Weapons
 73711 | Hell     | Identified the cursed +0 shield "Fiuqusuro" {+Inv Str-3 Stlth+} (You found it on level 7 of Gehenna)
 73760 | Tar:1    | Entered Level 1 of Tartarus
 75067 | Tar:7    | Entered Level 7 of Tartarus
 75446 | Tar:7    | Gained mutation: Your magical capacity is very low. (-20% MP) [mutagenic glow]
 75482 | Tar:7    | Lost mutation: Your magical capacity is very low. (-20% MP) [mutagenic glow]
 75517 | Tar:7    | Got an ancient pewter ring
 75519 | Tar:7    | Identified the ring "Dajyadd" {rC+ Str+3} (You found it on level 7 of Tartarus)
 75747 | Tar:7    | Noticed the Serpent of Hell
 75769 | Tar:7    | Killed the Serpent of Hell
 75900 | Tar:7    | Noticed Ereshkigal
 75999 | Tar:7    | Killed Ereshkigal
 76027 | Tar:7    | Identified the Handbook of Icy Transmigration
 76033 | Tar:7    | Got a bone rune of Zot
 76035 | Tar:7    | Got an ichor-stained cloak
 76046 | Tar:7    | Identified the cursed -1 cloak "Durovute" {Slay+3} (You found it on level 7 of Tartarus)
 76046 | Tar:7    | Gained mutation: You are very weak. (Str -4) [mutagenic glow]
 76060 | Tar:7    | Got a fine steel amulet
 76062 | Tar:7    | Identified the amulet "Reilef" {Reflect *Drain rF+ MR++ Str+9 SH+5} (You found it on level 7 of Tartarus)
 76388 | Hell     | Found a gateway to the freezing wastes of Cocytus.
 76419 | Coc:1    | Entered Level 1 of Cocytus
 76520 | Coc:1    | Lost mutation: You evolve. [end of evolution]
 77423 | Coc:3    | Reached skill level 15 in Spellcasting
 77866 | Coc:7    | Entered Level 7 of Cocytus
 77942 | Coc:7    | Paralysed by the power of Zot for 3 turns
 78113 | Coc:7    | HP: 4/283 [blizzard demon/the air (18)]
 78270 | Coc:7    | Gained mutation: Your spells are easier to cast, but less powerful. [mutagenic glow]
 78300 | Coc:7    | Noticed Antaeus
 78305 | Coc:7    | HP: 13/283 [Antaeus (5)]
 78305 | Coc:7    | Slain by Antaeus

Skill      XL: |  1  2  3  4  5  6  7  8  9 10 11 12 13 14 15 16 17 18 19 20 21 22 23 24 25 26 27 |
---------------+----------------------------------------------------------------------------------+-----
Long Blades    | 4 5 6 9 11 14 16 17 | 17.0
Fighting       | 3 5 8 11 12 14 15 16 18 19 20 22 24 25 27 | 27.0
Shields        | 4 7 13 15 | 15.1
Dodging        | 5 7 8 10 12 13 14 15 16 17 19 21 22 25 | 25.4
Invocations    | 6 7 8 9 12 15 | 15.2
Hexes          | 3 |  3.6
Charms         | 4 |  4.0
Spellcasting   | 4 16 | 16.8
Stealth        | 9 11 12 | 12.0
Translocations | 6 |  6.4
Transmutations | 10 19 | 19.0
Earth Magic    | 10 14 | 14.0
Necromancy     | 19 | 19.1
Throwing       | |  1.7

Action                   |  1- 3 |  4- 6 |  7- 9 | 10-12 | 13-15 | 16-18 | 19-21 | 22-24 | 25-27 || total
-------------------------+-------+-------+-------+-------+-------+-------+-------+-------+-------++-------
Melee: Long sword        |    87 |   118 |   480 |    51 |       |       |       |       |       ||   736
       Tailslap          |     6 |    18 |    99 |    84 |   319 |   467 |   646 |   639 |  2189 ||  4467
       Demon blade       |       |       |       |   326 |  1374 |  1855 |   793 |       |  1803 ||  6151
       Scimitar          |       |       |       |       |    36 |       |       |       |       ||    36
       Eudemon blade     |       |       |       |       |       |       |  1029 |  1953 |  4838 ||  7820
       Quick blade       |       |       |       |       |       |       |     9 |       |       ||     9
       Rapier            |       |       |       |       |       |       |       |       |    23 ||    23
Throw: Throwing net      |     1 |     3 |     2 |     2 |     2 |       |       |       |       ||    10
 Cast: Spectral Weapon   |       |       |       |       |    54 |    29 |     4 |       |    28 ||   115
       Song of Slaying   |       |       |       |       |     2 |       |       |       |       ||     2
       Shroud of Golubri |       |       |       |       |     3 |       |       |       |    14 ||    17
       Regeneration      |       |       |       |       |     2 |     3 |     1 |       |    61 ||    67
       Statue Form       |       |       |       |       |       |       |       |       |    42 ||    42
       Necromutation     |       |       |       |       |       |       |       |       |     3 ||     3
Invok: Lesser Servant of |       |       |       |       |     8 |     7 |     2 |       |     1 ||    18
       Greater Servant o |       |       |       |       |     1 |     3 |    17 |     8 |    40 ||    69
       Major Destruction |       |       |       |       |       |     8 |     2 |       |     9 ||    19
 Abil: Breathe Noxious F |       |       |    19 |     5 |    19 |     7 |     3 |     1 |       ||    54
       End Transformatio |       |       |       |       |       |       |       |       |     7 ||     7
Evoke: Wand              |       |     2 |       |       |       |       |     2 |       |     1 ||     5
       Box of beasts     |       |       |       |       |     1 |       |       |       |       ||     1
  Use: Scroll            |     1 |     7 |     8 |     5 |    24 |    12 |    11 |    11 |    54 ||   133
       Potion            |     1 |     2 |     2 |     1 |     7 |     5 |     6 |     1 |    20 ||    45
 Stab: Held in net/web   |     3 |       |       |     3 |     1 |       |       |       |       ||     7
       Sleeping          |       |     1 |     3 |     4 |     6 |    23 |    28 |    43 |    87 ||   195
       Confused          |       |       |    13 |     4 |    10 |     1 |     3 |       |       ||    31
       Distracted        |       |       |       |       |     6 |    10 |    14 |     6 |    53 ||    89
       Invisible         |       |       |       |       |       |       |       |       |     2 ||     2
       Paralysed         |       |       |       |       |       |       |       |       |     1 ||     1
  Eat: Chunk             |       |     7 |    25 |    18 |    46 |    23 |    14 |     6 |    10 ||   149
       Fruit             |       |     2 |       |       |       |       |     5 |     4 |    12 ||    23
       Royal jelly       |       |       |       |       |     1 |     2 |     1 |     1 |     5 ||    10
       Meat ration       |       |       |       |       |     1 |     2 |     2 |     3 |     2 ||    10
       Bread ration      |       |       |       |       |       |     1 |     1 |     1 |    20 ||    23
Armor: Skin              |    56 |    63 |   118 |    24 |   181 |   264 |   241 |   228 |   912 ||  2087
Dodge: Dodged            |    69 |    84 |   343 |   144 |   680 |  1045 |  1115 |  1265 |  5100 ||  9845
       Deflected         |       |       |       |       |    23 |    82 |    46 |    41 |    65 ||   257
Block: Buckler           |       |       |    64 |    61 |   203 |   297 |       |       |  1769 ||  2394
       Shield            |       |       |       |       |       |   272 |  1059 |  1133 |  2015 ||  4479
       Reflection        |       |       |       |       |       |       |       |       |     6 ||     6
       Rpst.: Long sword |    22 |    25 |   102 |    10 |       |       |       |       |       ||   159
       Demon blade       |       |       |       |    33 |   162 |   188 |    71 |       |   169 ||   623
       Scimitar          |       |       |       |       |     3 |       |       |       |       ||     3
       Eudemon blade     |       |       |       |       |       |       |   120 |   218 |   736 ||  1074
